 Dungeon Crawl Stone Soup version 0.30.0-5-g1a98f26d00 (webtiles) character file.

Game seed: 5142915455591309495

0 browni3141 the Trooper (level 1, -2/24 HPs)
             Began as an Ogre Delver on May 10, 2023.
             Succumbed to an adder's poison
             ... on level 3 of the Dungeon.
             The game lasted 00:00:21 (76 turns).

browni3141 the Trooper (Ogre Delver)                  Turns: 76, Time: 00:00:22

Health: -2/24      AC:  3    Str: 15    XL:     1   Next: 0%
Magic:  1/1        EV:  9    Int: 11    God:
Gold:   3          SH:  0    Dex: 10    Spells: 0/0 levels left

rFire   . . .        a - +0 mace
rCold   . . .        (no shield)
rNeg    . . .        b - +0 robe
rPois   .            (helmet restricted)
rElec   .            (no cloak)
rCorr   .            (gloves unavailable)
SInv    .            (boots unavailable)
Will    .....        (no amulet)
Stlth   ++           (no ring)
HPRegen 0.24/turn    (no ring)
MPRegen 0.07/turn

%: no passive effects
@: lethally poisoned (-2 -> -11)
A: large, unfitting armour, tough skin 1
a: no special abilities


You were on level 3 of the Dungeon.
You visited 1 branch of the dungeon, and saw 3 of its levels.

You collected 3 gold pieces.

Inventory:

Hand Weapons
 a - a +0 mace (weapon)
Missiles
 J - a poisoned dart (quivered)
Armour
 b - a +0 robe (worn)
 K - a +0 cloak
Wands
 g - a wand of digging (3)
Scrolls
 d - a scroll of magic mapping
 e - a scroll of fear
 F - a scroll of fog
 G - a scroll of enchant weapon {unknown}
Potions
 h - a potion of haste


   Skills:
 + Level 4.0 Fighting
 - Level 1.7 Maces & Flails
 - Level 1.7 Dodging
 - Level 3.7 Stealth


You couldn't memorise any spells.
You didn't know any spells.
Your spell library was empty.

Dungeon Overview and Level Annotations

Branches:
Dungeon (5/15)
 Temple: D:4-7

Altars:

Annotations:
D:5 1 runed translucent door


Innate Abilities, Weirdness & Mutations

You are too large for most types of armour.
You have tough skin. (AC +1)


Message History

Welcome, browni3141 the Ogre Delver.
Will you be the one to retrieve the wondrous Orb of Zot from the depths?
Press ? for a list of commands and other information.
Found a scroll labelled LEX XIEFAMMICK.
Found a stone staircase leading down.
Found a runed translucent door.
Setting a skill training target for Polearms at 14.0.
Setting a skill training target for Armour at 7.0.
Setting a skill training target for Shields at 5.0.
Setting a skill training target for Stealth at 2.0.
Setting a skill training target for Spellcasting at 3.0.
Setting a skill training target for Conjurations at 7.0.
Setting a skill training target for Summonings at 16.0.
Setting a skill training target for Necromancy at 10.0.
Setting a skill training target for Fire Magic at 6.0.
Setting a skill training target for Earth Magic at 10.0.
Setting a skill training target for Invocations at 14.0.
Setting a skill training target for Evocations at 10.0.
Setting a skill training target for Throwing at 2.0.
G - a scroll labelled LEX XIEFAMMICK
Found a stone staircase leading up.
J - 4 poisoned darts (quivered)
There are no items here.
There is a stone staircase leading up here.
You climb upwards.
There is a stone staircase leading down here.
You see here a +2 pair of gloves.
Found a stone staircase leading up.
A giant cockroach comes into view.
A black bear comes into view.
An orc comes into view. It is wielding a +0 club.
The black bear growls angrily.
The orc shouts!
A worm comes into view.
You see here a +0 cloak.
K - a +0 cloak
There is a stone staircase leading up here.
You climb upwards.
There is a stone staircase leading down here.
An adder comes into view.
You see here 3 gold pieces.
You now have 3 gold pieces.
You throw a poisoned dart. The poisoned dart hits the adder.
The adder hisses angrily.
The adder bites you. The adder barely misses you.
You hit the adder but do no damage. The adder barely misses you.
You hit the adder.
The adder is heavily wounded.
The adder bites you. The adder closely misses you.
You throw a poisoned dart. The poisoned dart misses the adder.
The adder bites you.
You are poisoned.
The adder poisons you!
You throw a poisoned dart. The poisoned dart hits the adder.
The adder is poisoned.
The adder is heavily wounded.
You feel sick. The adder closely misses you. The adder barely misses you.
You miss the adder.
The adder is severely wounded.
You feel sick. The adder bites you.
You are more poisoned.
The adder poisons you!
You closely miss the adder.
The adder is severely wounded.
You feel sick.
The adder bites you but does no damage. x2
You are too injured to fight recklessly!
You feel sick. The adder attacks as you move away! The adder bites you.
* * * LOW HITPOINT WARNING * * *
You are lethally poisoned!
The adder poisons you!
* * * LOW HITPOINT WARNING * * *
You feel sick. The adder bites you.
* * * LOW HITPOINT WARNING * * *
You are more poisoned.
The adder poisons you!
* * * LOW HITPOINT WARNING * * *
You feel very sick.
The adder looks more healthy.
Okay, then.
Okay, then.
You hit the adder.
You kill the adder!
You die...

### .. #.
#.## #.>###
##...###
###...#####
#......(###
#..@†.....#
#.###+###.#
...# #.#.#
#.#.# . ..#
.. .$ .. ..


There were no monsters in sight!

Vanquished Creatures
  An adder (D:3)
1 creature vanquished.

Notes
Turn   | Place    | Note
-------+----------+-------------------------------------------
     0 | D:5      | browni3141 the Ogre Delver began the quest for the Orb.
     0 | D:5      | Reached XP level 1. HP: 24/24 MP: 1/1
    47 | D:4      | Noticed a black bear
    75 | D:3      | HP: 1/24 [poisoned by an adder]
    76 | D:3      | Succumbed to an adder's poison

Illustrated notes

Levels and vault maps discovered:
D:3:      layout_rooms, lemuel_doored_altar, palyth_stone_intersect
D:4:      layout_basic, serial_shops, nicolae_shop_rolled_up, minmay_circle_x
D:5:      layout_cave_pods, ebering_ghost_sewer_f

Action                     || total
---------------------------++-------
  Melee: Mace              ||     5
  Throw: Dart              ||     3
 Armour: Robe              ||     2
  Dodge: Dodged            ||     5
